 Dungeon Crawl Stone Soup version 0.31-a0-750-gfe7b580527 (webtiles) character file.

Game seed: 6857967767809894255

1217 LeprechaunX the Changeling (level 8, -5/41 (48) HPs)
             Began as an Octopode Shapeshifter on Sept 14, 2023.
             Was a Follower of Hepliaklqana.
             Slain by Edmund
             ... wielding a +1 dire flail of draining
              (15 damage)
             ... on level 6 of the Dungeon.
             The game lasted 00:05:06 (5109 turns).

LeprechaunX the Changeling (Octopode Shapeshifter)  Turns: 5109, Time: 00:05:07

HP:   -5/41 (48)    AC:  1    Str: 15    XL:     8   Next: 46%
MP:   8/8           EV: 15    Int: 12    God:    Hepliaklqana [*.....]
Gold: 276           SH:  0    Dex: 18    Spells: 7/7 levels left

rFire   . .          .
                       - Unarmed
rCold   + . .        (no shield)
rNeg    . . .        (helmet currently unavailable)
rPois   .            (no amulet)
rElec   .            g - +6 ring of dexterity
rCorr   .            e - ring of protection from cold
SInv    +            l - ring of see invisible
Will    .....        (no ring)
Stlth   +++          (no ring)
HPRegen 0.26/turn    (no ring)
MPRegen 0.11/turn    (no ring)
                     (no ring)

%: no passive effects
@: beast-form, heavily drained
A: beast (slay +3), reduced essence, almost no armour, amphibious, 8 rings,
camouflage 1, gelatinous body 1, (nimble swimmer 1), tentacles
a: Begin Untransformation, Renounce Religion, Recall Ancestor, Ancestor Identity


You were on level 6 of the Dungeon.
You worshipped Hepliaklqana.
Hepliaklqana was aware of your devotion.
You were a hulking beast.
You visited 2 branches of the dungeon, and saw 7 of its levels.

You collected 276 gold pieces.

Inventory:

Hand Weapons
 a - a +0 sling
Jewellery
 e - a ring of protection from cold (right tentacle)
 g - a +6 ring of dexterity (left tentacle)
 l - a ring of see invisible (on tentacle)
 y - a ring of fire
Talismans
 b - a beast talisman (active)
 c - a flux talisman
Wands
 r - a wand of mindburst (14)
Scrolls
 h - 4 scrolls of identify {unknown}
 i - 5 scrolls of teleportation {unknown}
 m - 3 scrolls of poison {unknown}
 q - a scroll of silence {unknown}
 s - a scroll of blinking {unknown}
 t - a scroll of fear {unknown}
 u - a scroll of brand weapon {unknown}
 v - a scroll of vulnerability {unknown}
 w - a scroll of immolation {unknown}
Potions
 d - 4 potions of brilliance {unknown}
 f - a potion of berserk rage {unknown}
 j - 3 potions of lignification
 k - 3 potions of heal wounds {unknown}
 n - 2 potions of attraction {unknown}
 o - a potion of degeneration {unknown}
 p - a potion of magic {unknown}
 x - 2 potions of mutation {unknown}


   Skills:
 + Level 4.3 Fighting
 + Level 4.7 Dodging
 + Level 5.3 Unarmed Combat
 * Level 6.4 Shapeshifting


You had 7 spell levels left.
You didn't know any spells.
Your spell library contained the following spells:

 Spells                   Type           Power      Damage    Failure   Level
 Summon Small Mammal      Summ           0%         N/A       32%         1
 Call Canine Familiar     Summ           0%         N/A       69%         3
 Summon Guardian Golem    Hex/Summ       0%         N/A       69%         3


Dungeon Overview and Level Annotations

Branches:
Dungeon (6/15)             Temple (1/1) D:5

Altars:
Ashenzari
Cheibriados
Dithmenos
Elyvilon
Fedhas
Gozag
Hepliaklqana
Kikubaaqudgha
Makhleb
Nemelex Xobeh
Okawaru
Qazlal
Ru
Sif Muna
Uskayaw
Vehumet
Wu Jian
Xom
Yredelemnul
Zin
The Shining One

Annotations:
D:3 3 runed translucent doors, soul19's ghost, amateur DsFi
D:6 Edmund


Innate Abilities, Weirdness & Mutations

You are a hulking beast.
Your limbs bulge with bestial killing power. (Slay +3)
Your life essence is reduced to manifest your ancestor. (-10% HP)
You cannot wear most types of armour.
You are amphibious.
You can wear up to eight rings at the same time.
Your skin changes colour to match your surroundings (Stealth+).
Your rubbery body absorbs attacks. (AC +1, EV +1)
((You are camouflaged when in or above water. (Stealth+)))
You have tentacles for arms and can constrict up to eight enemies at once.


Message History

Edmund hits Udjahorresnet with a +1 dire flail of draining.
Udjahorresnet closely misses Edmund.
You shoot a sling bullet. Udjahorresnet avoids your attack.
The sling bullet closely misses Edmund.
Edmund misses Udjahorresnet.
Udjahorresnet hits Edmund but does no damage.
Edmund hits Udjahorresnet but does no damage.
You shoot a sling bullet. Udjahorresnet avoids your attack.
The sling bullet hits Edmund!
Edmund is heavily wounded.
Udjahorresnet barely misses Edmund.
Edmund hits Udjahorresnet with a +1 dire flail of draining!
Udjahorresnet is destroyed!
You shoot a sling bullet. The sling bullet hits Edmund.
Edmund is heavily wounded.
You shoot a sling bullet.
The sling bullet hits Edmund but does no damage.
Edmund is heavily wounded.
You shoot a sling bullet. The sling bullet barely misses Edmund.
You shoot a sling bullet. The sling bullet hits Edmund.
Edmund is severely wounded.
Edmund barely misses you.
You are now empty-tentacled.
You tentacle-slap Edmund but do no damage.
You grab Edmund.
Edmund is severely wounded.
You constrict Edmund, but do no damage.
Edmund hits you with a +1 dire flail of draining.
You feel drained.
You tentacle-slap Edmund. You squeeze Edmund, but do no damage.
Edmund is severely wounded.
You constrict Edmund.
Edmund hits you with a +1 dire flail of draining!
You feel drained.
* * * LOW HITPOINT WARNING * * *
You bludgeon Edmund!
Edmund is almost dead.
You constrict Edmund.
Edmund hits you with a +1 dire flail of draining!
You die...
Edmund says, "I'd like to see a scythe do that!"

'.......# #.......# #.......#
###..#### #########
####...#########........
...........#.....#######
...........#.....#
...........#.....#########.#.#
....†......'....h@............
...........#####+#####'###.#.#
...........'......##.....#
...........####...#.......#
####'####### #.......# #.#
+..._...+ ####'## #.......#
......# #.......# ......#
##.....##


You could see Edmund.

Vanquished Creatures
  An ice beast (D:5)
  3 ogres
  2 phantoms
  A kobold brigand (D:4)
  A bullfrog (D:6)
  A howler monkey (D:4)
  A bullfrog zombie (D:5)
  2 hounds
  7 iguanas
  2 sleepcaps (D:6)
  An orc wizard (D:5)
  3 gnolls (D:5)
  7 adders
  An adder zombie (D:5)
  The ghost of cforsyth the Sneak, a weakling DjDe (D:5)
  3 dart slugs
  13 orcs
  8 ball pythons
  10 endoplasms
  4 giant cockroaches
  5 goblins
  5 hobgoblins
  4 jackals (D:3)
  5 quokkas
  5 bats
  6 frilled lizards
  3 kobolds
  3 rats (D:1)
108 creatures vanquished.

Vanquished Creatures (others)
  An ancestor (D:6)
1 creature vanquished.

Grand Total: 109 creatures vanquished

Notes
Turn   | Place    | Note
-------+----------+-------------------------------------------
     0 | D:1      | LeprechaunX the Octopode Shapeshifter began the quest for
                  | the Orb.
     0 | D:1      | Reached XP level 1. HP: 13/13 MP: 1/1
   227 | D:1      | Reached XP level 2. HP: 17/18 MP: 2/2
   604 | D:1      | Reached XP level 3. HP: 23/23 MP: 3/3
  1158 | D:2      | Identified the +1 flail "Seepruw" {drain, rF+}
  1227 | D:2      | Identified the +1 pair of gloves of Ilyetyl {Str+2 Dex+4}
  1537 | D:3      | Found a runed translucent gate.
  1537 | D:3      | Found a runed translucent gate.
  1537 | D:3      | Found a runed translucent gate.
  1539 | D:3      | Noticed soul19's ghost (amateur DsFi)
  1665 | D:3      | Noticed a kobold brigand
  1872 | D:3      | Reached XP level 4. HP: 23/29 MP: 4/4
  1917 | D:3      | Found an iron altar of Okawaru.
  2220 | D:4      | Reached skill level 4 in Shapeshifting
  2220 | D:4      | Reached XP level 5. HP: 28/34 MP: 5/5
  2974 | D:4      | Noticed a phantom
  2987 | D:4      | Killed a phantom
  2988 | D:4      | Reached XP level 6. HP: 31/41 MP: 6/6
  3218 | D:5      | Entered Level 5 of the Dungeon
  3263 | D:5      | Reached skill level 5 in Shapeshifting
  3263 | D:5      | Reached XP level 7. HP: 46/46 MP: 7/7
  3353 | D:5      | Found a staircase to the Ecumenical Temple.
  3417 | Temple   | Entered the Ecumenical Temple
  3427 | Temple   | Became a worshipper of Hepliaklqana the Forgotten
  4030 | D:5      | Found a runed translucent gate.
  4030 | D:5      | Found a runed translucent gate.
  4030 | D:5      | Found a runed translucent gate.
  4030 | D:5      | Noticed cforsyth's ghost (weakling DjDe)
  4032 | D:5      | Found a basalt altar of Yredelemnul.
  4076 | D:5      | Killed cforsyth's ghost
  4190 | D:5      | Reached XP level 8. HP: 40/54 MP: 8/8
  4433 | D:5      | Reached skill level 5 in Unarmed Combat
  4575 | D:6      | Reached skill level 6 in Shapeshifting
  4586 | D:6      | Found a sacrificial altar of Ru.
  4617 | D:6      | Found a sparkling altar of Nemelex Xobeh.
  4858 | D:6      | Reached * piety under Hepliaklqana
  5087 | D:6      | Found a radiant altar of Vehumet.
  5087 | D:6      | Noticed Edmund
  5109 | D:6      | Slain by Edmund

Illustrated notes

Levels and vault maps discovered:
D:1:      minmay_arrival_semitransparent, layout_loops_corners
D:2:      layout_loops_cross, grunt_decor_junction, minmay_pentomino_p2
D:3:      layout_loops_ring, okawaru_gym_becter, gammafunk_ghost_nasty_kobolds,
          corexii_item_surrounded_by_moat, minmay_misc_feat_tiny
D:4:      layout_basic, hangedman_abyss_or_decor_passed
D:5:      layout_basic, nicolae_yredelemnul_ghost_church,
          minmay_temple_entry_mist
D:6:      layout_basic, nicolae_vehumet_altar_sigil,
          mainiacjoe_overflow_large_starburst, grunt_ministairs_4, uniq_edmund
Temple:   regret_index_temple_sphere_string

Skill      XL: |  1  2  3  4  5  6  7  8 |
---------------+-------------------------+-----
Fighting       | 2 3 4 |  4.3
Shapeshifting  | 4 5 6 |  6.4
Dodging        | 3 4 |  4.7
Unarmed Combat | 4 5 |  5.3

Action                     |  1- 3 |  4- 6 |  7- 9 || total
---------------------------+-------+-------+-------++-------
  Melee: Unarmed           |    69 |    76 |    91 ||   236
         Constrict         |    20 |    20 |    23 ||    63
         Punch             |     3 |     2 |     4 ||     9
         Tentacles         |    15 |    22 |    27 ||    64
   Fire: Sling             |       |     4 |    20 ||    24
   Stab: Sleeping          |    12 |     3 |     5 ||    20
         Distracted        |     2 |       |       ||     2
 Armour: Skin              |    22 |    19 |    47 ||    88
  Dodge: Dodged            |    32 |    41 |    45 ||   118

Table legend: (Time is in decaauts)
 A = Elapsed time spent in this place.
 B = Non-inter-level travel time spent in this place.
 C = Inter-level travel time spent in this place.
 D = Time resting spent in this place.
 E = Time spent auto-exploring this place.
 F = Levels seen in this place.
 G = Mean time per level.
                   A        B        C        D        E       F      G
               +--------+--------+--------+--------+--------+-----+--------+
         Total |   5094 |   4827 |    267 |     28 |   4119 |   7 |  727.7 |
       Dungeon |   5073 |   4825 |    248 |     28 |   4119 |   6 |  845.5 |
        Temple |     20 |      1 |     19 |      0 |      0 |   1 |   20.0 |
               +--------+--------+--------+--------+--------+-----+--------+

Top non-repeatable levels by time:
     D:5: 1320 daAuts
     D:4: 1018 daAuts
     D:1: 880 daAuts
     D:3: 668 daAuts
     D:2: 639 daAuts
     D:6: 545 daAuts
  Temple: 20 daAuts
